 Dungeon Crawl Stone Soup version 0.26-a0-834-g69557b85cc (webtiles) character file.

Game seed: 5682001989424806999

49 DocClef the Covert (level 3, 0/35 HPs)
             Began as a Gnoll Delver on Nov 16, 2020.
             Killed from afar by an orc wizard (5 damage)
             ... with a magic dart
             ... on level 5 of the Dungeon.
             The game lasted 00:00:38 (129 turns).

DocClef the Covert (Gnoll Delver)                    Turns: 129, Time: 00:00:39

Health: 0/35       AC:  4    Str: 15    XL:     3   Next: 75%
Magic:  4/4        EV: 14    Int: 12    God:
Gold:   8          SH:  0    Dex: 16    Spells: 3/3 levels left

rFire    . . .     SeeInvis .   a - +0 mace
rCold    . . .     Faith    +   (no shield)
rNeg     . . .     Spirit   .   b - +0 leather armour
rPois    .         Reflect  .   (no helmet)
rElec    .         Harm     .   (no cloak)
rCorr    .         Rampage  .   h - +0 pair of gloves
MR       .....                  (no boots)
Stlth    ++++......             j - amulet of faith
HPRegen  0.11/turn              (no ring)
MPRegen  0.09/turn              (no ring)

@: hasted and slowed
A: distributed training, fangs 1, strong nose
a: no special abilities


You were on level 5 of the Dungeon.
You visited 1 branch of the dungeon, and saw 1 of its levels.

You collected 8 gold pieces.

Inventory:

Hand Weapons
 a - a +0 mace (weapon)
Armour
 b - a +0 leather armour (worn)
 h - a +0 pair of gloves (worn)
Jewellery
 j - an amulet of faith (around neck)
Wands
 g - a wand of digging (3)
 k - a wand of flame (6)
Scrolls
 c - a scroll of fog
 d - a scroll of magic mapping
 e - a scroll of fear
Potions
 i - a potion of degeneration {unknown}


   Skills:
 + Level 6.5 Fighting
 + Level 0.9 Short Blades
 + Level 0.9 Long Blades
 + Level 0.9 Axes
 + Level 4.5 Maces & Flails
 + Level 0.9 Polearms
 + Level 0.9 Staves
 + Level 0.9 Slings
 + Level 0.9 Bows
 + Level 0.9 Crossbows
 + Level 0.9 Throwing
 + Level 0.9 Armour
 + Level 4.5 Dodging
 + Level 9.5 Stealth
 + Level 0.9 Shields
 + Level 0.9 Unarmed Combat
 + Level 0.9 Spellcasting
 + Level 0.6 Conjurations
 + Level 0.6 Hexes
 + Level 0.6 Summonings
 + Level 0.6 Necromancy
 + Level 0.6 Translocations
 + Level 0.6 Transmutations
 + Level 0.6 Fire Magic
 + Level 0.6 Ice Magic
 + Level 0.6 Air Magic
 + Level 0.6 Earth Magic
 + Level 0.6 Poison Magic
 + Level 1.0 Invocations
 + Level 0.9 Evocations


You had 3 spell levels left.
You didn't know any spells.
Your spell library was empty.

Dungeon Overview and Level Annotations

Branches:
Dungeon (5/15)
 Temple: D:4-7

Altars:


Innate Abilities, Weirdness & Mutations

Your experience applies equally to all skills.
You have very sharp teeth.
Your uncanny sense of smell can sniff out nearby items.


Message History

You kill the white imp!
The orc wizard casts a spell at you.
You feel yourself slow down.
The orc wizard hits you but does no damage.
You completely miss the orc wizard.
The orc wizard is lightly wounded.
The orc wizard closely misses you. The orc wizard misses you.
You closely miss the orc wizard.
The orc wizard is lightly wounded.
The orc wizard hits you but does no damage.
The orc wizard hits you with a +2 vampiric dagger.
* * * LOW HITPOINT WARNING * * *
You hit the orc wizard. Your bite misses the orc wizard.
The orc wizard is heavily wounded.
The orc wizard misses you.
The orc wizard gestures wildly while chanting.
The orc wizard blinks!
The orc wizard gestures at you while chanting.
The magic dart hits you.
You die...

#...########..#...#
##############..#...#
∆∆∆$○○○...°°°°°°°°#..#...#
##############°#.##...#
.....○°........#.# ...#
################.#
#.)..........§...#
...######..### #@## #o#
####.# #....# #....#
#....# .....## ...#...
...#...


You could see an orc wizard (fast).

Vanquished Creatures
  An orc wizard (D:5)
  A shadow imp (D:5)
  A white imp (D:5)
  3 orcs (D:5)
6 creatures vanquished.

Vanquished Creatures (others)
  An orc (D:5)
  A ball python (D:5)
2 creatures vanquished.

Grand Total: 8 creatures vanquished

Notes
Turn   | Place    | Note
-------+----------+-------------------------------------------
     0 | D:5      | Reached skill level 9 in Stealth
     0 | D:5      | DocClef the Gnoll Delver began the quest for the Orb.
     0 | D:5      | Reached XP level 1. HP: 23/23 MP: 1/1
    77 | D:5      | Noticed an orc wizard
    79 | D:5      | Noticed an orc wizard
    88 | D:5      | Reached XP level 2. HP: 29/29 MP: 2/2
    97 | D:5      | Reached skill level 1 in Invocations
    97 | D:5      | Reached XP level 3. HP: 30/35 MP: 2/4
   129 | D:5      | Killed from afar by an orc wizard

Illustrated notes

Levels and vault maps discovered:
D:5:      lemuel_ice_spiral_2, layout_rooms, cheibrodos_sewer_entry_sluice,
          xom_confusion_cloud

Skill      XL: |  1  2 |
---------------+-------+-----
Stealth        | |  9.5
Invocations    | 1 |  1.0
Fighting       | |  6.5
Short Blades   | |  0.9
Long Blades    | |  0.9
Axes           | |  0.9
Maces & Flails | |  4.5
Polearms       | |  0.9
Staves         | |  0.9
Slings         | |  0.9
Bows           | |  0.9
Crossbows      | |  0.9
Throwing       | |  0.9
Armour         | |  0.9
Dodging        | |  4.5
Shields        | |  0.9
Unarmed Combat | |  0.9
Spellcasting   | |  0.9
Conjurations   | |  0.6
Hexes          | |  0.6
Summonings     | |  0.6
Necromancy     | |  0.6
Translocations | |  0.6
Transmutations | |  0.6
Fire Magic     | |  0.6
Ice Magic      | |  0.6
Air Magic      | |  0.6
Earth Magic    | |  0.6
Poison Magic   | |  0.6
Evocations     | |  0.9

Action                   || total
-------------------------++-------
Melee: Mace              ||    36
       Bite              ||     3
  Use: Potion            ||     1
Armor: Leather armour    ||     7
Dodge: Dodged            ||    21

Table legend: (Time is in decaauts)
 A = Elapsed time spent in this place.
 B = Non-inter-level travel time spent in this place.
 C = Inter-level travel time spent in this place.
 D = Time resting spent in this place.
 E = Time spent auto-exploring this place.
 F = Levels seen in this place.
 G = Mean time per level.
                   A        B        C        D        E       F      G
               +--------+--------+--------+--------+--------+-----+--------+
         Total |    134 |    134 |      0 |      0 |     42 |   1 |  134.0 |
       Dungeon |    134 |    134 |      0 |      0 |     42 |   1 |  134.0 |
               +--------+--------+--------+--------+--------+-----+--------+

Top non-repeatable levels by time:
     D:5: 134 daAuts
